 Dungeon Crawl Stone Soup version 0.31-a0-1388-g4b2ba238e7 (webtiles) character file.

Game seed: 14817502861082408091

14 MisterAzrael the Apothecary (level 2, 0/22 HPs)
             Began as a Naga Alchemist on Dec 24, 2023.
             Slain by a rat (2 damage)
             ... on level 1 of the Dungeon.
             The game lasted 00:01:42 (469 turns).

MisterAzrael the Apothecary (Naga Alchemist)         Turns: 469, Time: 00:01:42

Health: 0/22       AC:  1    Str: 10    XL:     2   Next: 45%
Magic:  5/5        EV:  9    Int: 15    God:
Gold:   53         SH:  0    Dex: 11    Spells: 4/5 levels left

rFire   . . .        c - +0 trident
rCold   . . .        (no shield)
rNeg    . . .        a - +0 robe
rPois   +            (no helmet)
rElec   .            (no cloak)
rCorr   .            (no gloves)
SInv    +            (no barding)
Will    .....        (no amulet)
Stlth   ++           (no ring)
HPRegen 0.23/turn    (no ring)
MPRegen 0.09/turn

%: no passive effects
@: very slow
A: AC +0, large, see invisible, deformed body, poison resistance, slowness 2,
spit poison 1, naga tail 1
a: Spit Poison


You were on level 1 of the Dungeon.
You visited 1 branch of the dungeon, and saw 1 of its levels.

You collected 53 gold pieces.

Inventory:

Hand Weapons
 c - a +0 trident (weapon)
Armour
 a - a +0 robe (worn)
Scrolls
 d - a scroll of identify {unknown}
 e - a scroll of noise {unknown}
Potions
 b - a potion of magic
 f - a potion of degeneration {unknown}


   Skills:
 + Level 0.2 Polearms
 - Level 1.5 Dodging
 - Level 3.0 Stealth
 + Level 2.2 Spellcasting
 + Level 1.4 Conjurations
 * Level 4.0 Alchemy


You had 4 spell levels left.
You knew the following spells:

 Your Spells              Type           Power      Damage    Failure   Level
a - Sting                 Conj/Alch      36%        1d5       7%          1

Your spell library contained the following spells:

 Spells                   Type           Power      Damage    Failure   Level
 Mercury Vapours          Alch/Air       14%        N/A       14%         2
 Mephitic Cloud           Conj/Alch/Air  7%         N/A       30%         3
 Olgreb's Toxic Radiance  Alch           13%        N/A       38%         4
 Tukima's Dance           Hex            1%         N/A       54%         3
 Sticky Flame             Fire/Alch      7%         2d4       67%         4
 Passage of Golubria      Tloc           1%         N/A       91%         4
 Yara's Violent Unravell  Hex/Alch       3%         3d4       95%         5


Dungeon Overview and Level Annotations

Branches:
Dungeon (1/15)

Altars:


Innate Abilities, Weirdness & Mutations

Your serpentine skin is tough. (AC +0)
You have supernaturally acute eyesight. (SInv)
Armour fits poorly on your strangely shaped body.
Your system is resistant to poisons. (rPois)
You cover ground very slowly.
You can spit poison.
You have a snake-like lower body.


Message History

You now have 53 gold pieces (gained 15).
Found a robe.
A bat comes into view.
A rat and an endoplasm come into view.
The rat squeaks loudly.
You hear a loud squeak.
You hear a shout!
A quokka comes into view.
A hobgoblin comes into view.
A rat comes into view.
You reach to attack!
You barely miss the bat.
The hobgoblin shouts!
The bat hits you. The bat closely misses you.
You closely miss the bat. The bat hits you but does no damage.
You hit the endoplasm.
The endoplasm is severely wounded.
The bat completely misses you. The endoplasm hits you.
The rat bites you but does no damage.
A goblin comes into view. It is wielding a +0 dagger.
You hit the endoplasm.
You kill the endoplasm!
The bat barely misses you. The rat closely misses you.
You hit the bat.
The bat is moderately wounded.
The bat closely misses you. The rat bites you. The bat barely misses you.
The rat bites you. The rat closely misses you. The hobgoblin barely misses you.
The rat attacks as it pursues you! The rat bites you. The bat hits you.
The rat attacks as it pursues you! The rat bites you.
The bat hits you but does no damage. The hobgoblin closely misses you.
You miss the bat.
The bat is moderately wounded.
The bat barely misses you. x2; The hobgoblin hits you.
The rat bites you but does no damage.
You are too injured to fight recklessly!
You are too injured to fight recklessly!
You completely miss the bat.
The bat is moderately wounded.
The bat hits you. x2; The quokka bites you.
* * * LOW HITPOINT WARNING * * *
The hobgoblin hits you.
* * * LOW HITPOINT WARNING * * *
The rat bites you.
You die...

#........... #.......# ##
#........... #.......####.
#..........# #.......##...
.........# #......###...
.........# ######.......
.....?...####### ########
...............#########..
........gr................
.......gb@.............)..
........rr................
.......##.................
....... #...#.............
....... #...##########....
.#.#### ##.## #.### #. #..
#.# . .... #.# [. ..#


You could see a quokka, a hobgoblin, a goblin, a bat and 2 rats.

Vanquished Creatures
  4 endoplasms (D:1)
  A giant cockroach (D:1)
  A goblin (D:1)
  A hobgoblin (D:1)
  3 ball pythons (D:1)
  3 frilled lizards (D:1)
  A rat (D:1)
14 creatures vanquished.

Notes
Turn   | Place    | Note
-------+----------+-------------------------------------------
     0 | D:1      | MisterAzrael the Naga Alchemist began the quest for the
                  | Orb.
     0 | D:1      | Reached XP level 1. HP: 15/15 MP: 3/3
   238 | D:1      | Reached XP level 2. HP: 22/22 MP: 5/5
   411 | D:1      | Reached skill level 4 in Alchemy
   469 | D:1      | Slain by a rat

Illustrated notes

Levels and vault maps discovered:
D:1:      lemuel_arrival_lava_pool, layout_basic, minmay_ruptured

Skill      XL: |  1  2 |
---------------+-------+-----
Alchemy        | 4 |  4.0
Polearms       | |  0.2
Dodging        | |  1.5
Stealth        | |  3.0
Spellcasting   | |  2.2
Conjurations   | |  1.4

Action                     || total
---------------------------++-------
  Melee: Trident           ||    30
   Cast: Sting             ||     6
   Stab: Sleeping          ||     3
 Armour: Robe              ||    26
  Dodge: Dodged            ||    19

Table legend: (Time is in decaauts)
 A = Elapsed time spent in this place.
 B = Non-inter-level travel time spent in this place.
 C = Inter-level travel time spent in this place.
 D = Time resting spent in this place.
 E = Time spent auto-exploring this place.
 F = Levels seen in this place.
 G = Mean time per level.
                   A        B        C        D        E       F      G
               +--------+--------+--------+--------+--------+-----+--------+
         Total |    597 |    597 |      0 |     41 |    417 |   1 |  597.0 |
       Dungeon |    597 |    597 |      0 |     41 |    417 |   1 |  597.0 |
               +--------+--------+--------+--------+--------+-----+--------+

Top non-repeatable levels by time:
     D:1: 597 daAuts
